 Dungeon Sprint DCSS version 0.29.1-15-g9cfb28693d (webtiles) character file.

Game seed: 10905680008379409551

38539 Groucho the Spry (level 13, -5/61 HPs)
             Began as a Spriggan Earth Elementalist on Mar 24, 2023.
             Was the Champion of Dithmenos.
             Killed from afar by a nagaraja (45 damage)
             ... with a bolt of poison
             ... in the Dungeon (Sprint VII: "The Pits").
             The game lasted 00:52:32 (14103 turns).

Groucho the Spry (Spriggan Earth Elementalist)     Turns: 14103, Time: 00:52:32

Health: -5/61      AC:  6    Str: 11    XL:     13   Next: 64%
Magic:  19/35      EV: 32    Int: 21    God:    Dithmenos [******]
Gold:   57         SH:  0    Dex: 15    Spells: 43/47 levels left

rFire   + . .      SeeInvis +   l - +4 short sword (freeze)
rCold   . . .      Faith    .   (no shield)
rNeg    . . .      Spirit   .   s - +2 robe {rF+}
rPois   .          Reflect  .   (helmet restricted)
rElec   .          Harm     .   D - +1 cloak of the Bespelled God {Str+3}
rCorr   .          Rampage  .   (gloves unavailable)
Will    ++...      NoTele   +   (boots unavailable) Stlth *+++++++++
                                (no amulet)
HPRegen 0.20/turn               m - +3 ring of evasion
MPRegen 0.24/turn               n - +3 ring of intelligence

@: lethally poisoned (-5 -> -27), wreathed by umbra, very quick
A: very small, no large weapons, unfitting armour, see invisible, speed 3
a: Renounce Religion, Shadow Step, Shadow Form


You were in the Dungeon.
You worshipped Dithmenos.
Dithmenos was exalted by your worship.
You visited 1 branch You collected 57 gold pieces.

Inventory:

Hand Weapons
 h - a +2 dagger
 k - a +3 short sword
 l - a +4 short sword of freezing (weapon)
 q - a +2 rapier of venom
 r - the +6 dagger of the Two Names {freeze, +Blink Will+ Int-5 Dex+4}
   (You found it in the Dungeon)

   It freezes those it strikes, dealing additional cold damage.
   It can also slow down cold-blooded creatures.
   Int:       It affects your intelligence (-5).
   Dex:       It affects your dexterity (+4).
   +Blink:    It lets you blink.
   Will:      It increases your willpower.
Missiles
 j - 17 stones (quivered)
Armour
 s - a +2 robe of fire resistance (worn)
 D - the +1 cloak of the Bespelled God (worn) {Str+3}
   (You found it in the Dungeon)

   Str:       It affects your strength (+3).
Jewellery
 m - a +3 ring of evasion (left hand)
 n - a +3 ring of intelligence (right hand)
 u - an amulet of guardian spirit
 v - a +4 ring of protection
 w - a ring of protection from fire
 C - a ring of willpower
 E - an amulet of magic regeneration
Wands
 g - a wand of light (14)
Scrolls
 x - 3 scrolls of butterflies
 y - 2 scrolls of identify
 z - 2 scrolls of enchant weapon
 A - a scroll of blinking
 B - 2 scrolls of enchant armour
Potions
 a - a potion of resistance
 b - 4 potions of magic
 c - 6 potions of curing
 d - 8 potions of heal wounds
 e - 2 potions of haste
 f - 5 potions of berserk rage
 i - 2 potions of invisibility
 o - 3 potions of might
 p - a potion of brilliance
 t - a potion of mutation


   Skills:
 + Level 3.9 Fighting
 - Level 14.0 Short Blades
 + Level 19.1 Dodging
 - Level 15.0 Stealth
 + Level 17.6 Spellcasting
 + Level 11.6 Conjurations
 - Level 1.3 Transmutations
 + Level 16.8 Earth Magic
 + Level 14.8 Invocations


You had 43 spell levels left.
You knew the following spells:

 Your Spells              Type           Power      Damage    Failure   Level
a - Sandblast             Erth           100%       2d20      0%          1
b - Stone Arrow           Conj/Erth      100%       3d13      1%          3

Your spell library contained the following spells:

 Spells                   Type           Power      Damage    Failure   Level
 Passwall                 Tmut/Erth      45%        N/A       1%          2
 Petrify                  Tmut/Erth      54%        N/A       1%          4


Dungeon Overview and Level Annotations

Branches:
Dungeon (1/1)

Altars:
Ashenzari
Cheibriados
Dithmenos
Elyvilon
Fedhas
Gozag
Hepliaklqana
Kikubaaqudgha
Makhleb
Nemelex Xobeh
Okawaru
Qazlal
Ru
Sif Muna
Trog
Uskayaw
Vehumet
Wu Jian
Xom
Yredelemnul
Zin
The Shining One
Jiyva
Lugonu


Innate Abilities, Weirdness & Mutations

You are very small and have problems with some larger weapons.
You are too small for most types of armour.
You have supernaturally acute eyesight. (SInv)
You cover ground extremely quickly. (Speed+++)


Message History

Casting: Stone Arrow (safe; 1% risk of failure)
Confirm with . or Enter, or press ? or * to list all spells.
Aiming: Stone Arrow (safe; 1% risk of failure)
Press: ? - help, Shift-Dir - straight line, f/p - dream sheep
Aim: a dream sheep (umbra, 78% to hit)
The stone arrow hits the dream sheep!!
You kill the dream sheep!
Dithmenos accepts your kill. The nagaraja casts a spell at you.
The poison arrow misses you.
Unknown command.
Unknown command.
You see here a +0 mace.
Casting: Stone Arrow (safe; 1% risk of failure)
Confirm with . or Enter, or press ? or * to list all spells.
Aiming: Stone Arrow (safe; 1% risk of failure)
Press: ? - help, Shift-Dir - straight line, f - nagaraja
Aim: a nagaraja, wielding a +0 spear and wearing a +0 robe (lightly wounded, fast, umbra, 78% to hit)
The stone arrow hits the nagaraja!!
The nagaraja is moderately wounded.
Your shadow mimicks your spell!
The shadow shard hits the nagaraja!
The nagaraja spits poison at you. The splash of poison misses you.
Unknown command.
Unknown command.
Casting: Stone Arrow (safe; 1% risk of failure)
Confirm with . or Enter, or press ? or * to list all spells.
Aiming: Stone Arrow (safe; 1% risk of failure)
Press: ? - help, Shift-Dir - straight line, f/p - nagaraja
Aim: a nagaraja, wielding a +0 spear and wearing a +0 robe (heavily wounded, fast, catching its breath, umbra, 78% to hit)
The stone arrow hits the nagaraja!
The nagaraja is heavily wounded.
Your shadow mimicks your spell!
The shadow shard hits the nagaraja!
The nagaraja casts a spell at you. The bolt of poison hits you!!!
You are poisoned.
Ouch! That really hurt!
You die...

#....................''..
#..################..##.. #..#
#Y# #..##.. #..# #Y# #..##..
#..## #N# #..#### #..#S#.#
#..#### #..##†# #..##..
#..#N##############..##.#
#########.......@.........)..##.#
______.##....................##.'
______.###########++###########.#
____...###########++###########.'
######'##................##..##.#
.')))'.##......#..#......##..##..
######.##................''..####
.[[)...)))[..)..........)''..####
###'#####[.....#..#......##......


You could see a nagaraja (fast, catching breath).

Vanquished Creatures
  2 bone dragons (D)
  A deep elf master archer (D)
  2 orc warlords (D)
  Aizul (D)
  A balrug (D)
  An apis (D)
  A blizzard demon (D)
  A hell beast (D)
  A vault guard (D)
  An ogre mage (D)
  A two-headed ogre (D)
  An alligator snapping turtle (D)
  2 alligators (D)
  2 naga warriors (D)
  A vampire mage (D)
  3 death yaks (D)
  3 deep elf knights (D)
  A deep troll (D)
  A spriggan druid (D)
  A wizard (D)
  A swamp dragon (D)
  A phantasmal warrior (D)
  14 orc knights (D)
  A deep elf zephyrmancer (D)
  A manticore (D)
  A deep elf pyromancer (D)
  Joseph (D)
  2 rust devils (D)
  A guardian serpent (D)
  2 molten gargoyles (D)
  2 orange demons (D)
  A cane toad (D)
  A komodo dragon (D)
  Psyche (D)
  A hellwing (D)
  An efreet (D)
  A guardian mummy (D)
  A wandering mushroom (D)
  3 red devils (D)
  A polar bear (D)
  2 blink frogs (D)
  3 hornets (D)
  3 dream sheep (D)
  2 spriggans (D)
  A shadow (D)
  8 yaks (D)
  A ynoxinul (D)
  3 basilisks (D)
  A hog (D)
  A steam dragon (D)
  A warg (D)
  A floating eye (D)
  A black bear (D)
  3 ogres (D)
  2 phantoms (D)
  A gnoll sergeant (D)
  An earth elemental (D)
  A scorpion (D)
  9 wights (D)
  A small abomination (D)
  2 crimson imps (D)
  2 quasits (D)
  A hound (D)
  A gnoll bouda (D)
  An orc priest (D)
  2 iron imps (D)
  An iguana (D)
  An orc wizard (D)
  9 gnolls (D)
  An adder (D)
  2 orcs (D)
  A ball python (D)
  An endoplasm (D)
  A goblin (D)
  2 hobgoblins (D)
  4 jackals (D)
  A quokka (D)
  A bat (D)
  A frilled lizard (D)
  2 rats (D)
149 creatures vanquished.

Vanquished Creatures (others)
  A swamp drake (D)
  A small abomination (D)
  A mummy (D)
3 creatures vanquished.

Grand Total: 152 creatures vanquished

Notes
Turn   | Place    | Note
-------+----------+-------------------------------------------
     0 | D        | Groucho the Spriggan Earth Elementalist began the quest for
                  | the Orb.
     0 | D        | Reached XP level 1. HP: 9/9 MP: 5/5
     9 | D        | Noticed a floating eye
    10 | D        | Paralysed by a floating eye for 3 turns
    14 | D        | Killed a floating eye
    15 | D        | Reached skill level 4 in Dodging
    15 | D        | Reached skill level 5 in Stealth
    15 | D        | Reached skill level 5 in Earth Magic
    15 | D        | Reached XP level 2. HP: 13/13 MP: 2/8
    15 | D        | Reached XP level 3. HP: 16/16 MP: 2/10
    15 | D        | Reached XP level 4. HP: 21/21 MP: 2/11
    91 | D        | Found a bloodstained altar of Trog.
    91 | D        | Found a shimmering blue altar of Sif Muna.
    91 | D        | Found a viscous altar of Jiyva.
    91 | D        | Found a hazy altar of Hepliaklqana.
    91 | D        | Found an opulent altar of Gozag.
    92 | D        | Found a glowing golden altar of the Shining One.
    92 | D        | Found a glowing silver altar of Zin.
    92 | D        | Found a basalt altar of Yredelemnul.
    92 | D        | Found a shimmering altar of Xom.
    92 | D        | Found an ornate altar of the Wu Jian Council.
    92 | D        | Found a sacrificial altar of Ru.
    92 | D        | Found a stormy altar of Qazlal.
    92 | D        | Found an iron altar of Okawaru.
    92 | D        | Found a sparkling altar of Nemelex Xobeh.
    92 | D        | Found a burning altar of Makhleb.
    92 | D        | Found a blossoming altar of Fedhas.
    92 | D        | Found a white marble altar of Elyvilon.
    92 | D        | Found a shadowy altar of Dithmenos.
    92 | D        | Found a snail-covered altar of Cheibriados.
    93 | D        | Found a radiant altar of Vehumet.
    93 | D        | Found a corrupted altar of Lugonu.
    94 | D        | Found an ancient bone altar of Kikubaaqudgha.
    94 | D        | Found a hide-covered altar of Uskayaw.
    94 | D        | Found a broken altar of Ashenzari.
    99 | D        | Became a worshipper of Dithmenos the Shadowed
   133 | D        | Learned a level 3 spell: Stone Arrow
   303 | D        | Reached * piety under Dithmenos
   327 | D        | Reached skill level 5 in Dodging
   330 | D        | Reached ** piety under Dithmenos
   331 | D        | Reached XP level 5. HP: 13/24 MP: 3/13
   333 | D        | Reached skill level 5 in Spellcasting
   346 | D        | Reached *** piety under Dithmenos
   597 | D        | Reached **** piety under Dithmenos
   617 | D        | Reached skill level 6 in Dodging
   630 | D        | Reached XP level 6. HP: 28/28 MP: 8/16
   630 | D        | Reached ***** piety under Dithmenos
   725 | D        | Reached skill level 5 in Short Blades
   725 | D        | Reached skill level 7 in Dodging
   743 | D        | Reached skill level 5 in Invocations
   761 | D        | Reached XP level 7. HP: 22/32 MP: 11/18
  1326 | D        | Reached skill level 8 in Dodging
  1326 | D        | Noticed a manticore
  1329 | D        | Killed a manticore
  1329 | D        | Reached ****** piety under Dithmenos
  1330 | D        | Reached skill level 10 in Stealth
  1330 | D        | Reached XP level 8. HP: 35/36 MP: 9/21
  1802 | D        | Reached skill level 9 in Dodging
  2407 | D        | Noticed a hornet
  2410 | D        | Noticed a red devil
  2414 | D        | Killed a hornet
  2441 | D        | Killed a red devil
  2442 | D        | Reached skill level 5 in Conjurations
  3025 | D        | Noticed a hellwing
  3094 | D        | Killed a hellwing
  3095 | D        | Reached skill level 10 in Dodging
  3095 | D        | Reached skill level 10 in Earth Magic
  3095 | D        | Reached XP level 9. HP: 39/39 MP: 13/23
  3430 | D        | Noticed a red devil
  3441 | D        | Killed a red devil
  4010 | D        | Noticed a swamp dragon
  4015 | D        | Noticed Psyche
  4040 | D        | Killed Psyche
  4090 | D        | Noticed a cane toad
  4092 | D        | Noticed an orange demon
  4095 | D        | Killed a cane toad
  4128 | D        | Killed a swamp dragon
  4129 | D        | Reached skill level 11 in Dodging
  4129 | D        | Reached skill level 10 in Spellcasting
  4129 | D        | Killed an orange demon
  4723 | D        | Noticed a red devil
  4728 | D        | Killed a red devil
  4729 | D        | Reached XP level 10. HP: 44/44 MP: 22/25
  5775 | D        | Noticed a death yak
  5778 | D        | Noticed a death yak
  5779 | D        | Noticed a deep troll
  5779 | D        | Noticed a death yak
  5786 | D        | Killed a death yak
  5787 | D        | Reached skill level 12 in Dodging
  5809 | D        | Killed a death yak
  5810 | D        | Reached skill level 10 in Short Blades
  5844 | D        | Killed a deep troll
  6557 | D        | Killed a death yak
  6558 | D        | Reached skill level 15 in Stealth
  6558 | D        | Reached XP level 11. HP: 47/47 MP: 9/27
  7263 | D        | Reached skill level 13 in Dodging
  7897 | D        | Noticed Joseph
  7897 | D        | Noticed a deep elf zephyrmancer
  7931 | D        | Killed Joseph
  7932 | D        | Reached skill level 10 in Invocations
  8185 | D        | Killed a deep elf zephyrmancer
  9004 | D        | Noticed an alligator snapping turtle
  9065 | D        | Killed an alligator snapping turtle
  9384 | D        | Noticed a spriggan druid
  9392 | D        | Killed a spriggan druid
  9402 | D        | Noticed a wizard
  9404 | D        | Noticed a deep elf pyromancer
  9409 | D        | Killed a wizard
  9410 | D        | Reached skill level 14 in Dodging
  9417 | D        | Killed a deep elf pyromancer
  9425 | D        | Noticed a spriggan rider
  9456 | D        | Noticed a two-headed ogre
  9456 | D        | Noticed an orc knight
  9456 | D        | Noticed an orc knight
  9456 | D        | Noticed an orc knight
  9456 | D        | Noticed an orc knight
  9457 | D        | Noticed an orc knight
  9457 | D        | Noticed an orc warlord
  9457 | D        | Noticed an orc warlord
  9457 | D        | Noticed an orc knight
  9459 | D        | Noticed an orc knight
  9459 | D        | Noticed an orc knight
  9459 | D        | Noticed an orc knight
  9461 | D        | Noticed an ogre mage
  9461 | D        | Noticed an orc knight
  9462 | D        | Killed a two-headed ogre
  9465 | D        | Killed an ogre mage
  9468 | D        | Noticed an orc knight
  9468 | D        | Noticed an orc knight
  9471 | D        | Noticed a deep elf knight
  9471 | D        | Noticed an apis
  9471 | D        | Noticed a deep elf knight
  9473 | D        | Killed an orc knight
  9475 | D        | Noticed a naga warrior
  9476 | D        | Noticed a vault guard
  9478 | D        | Noticed a deep elf knight
  9517 | D        | Killed an orc knight
  9518 | D        | Reached skill level 15 in Dodging
  9518 | D        | Reached XP level 12. HP: 40/51 MP: 18/30
 10047 | D        | Killed a vault guard
 10342 | D        | Killed a naga warrior
 10520 | D        | Reached skill level 15 in Earth Magic
 10558 | D        | Reached skill level 16 in Dodging
 10731 | D        | Reached skill level 15 in Spellcasting
 10913 | D        | Killed an orc warlord
 11244 | D        | Killed an orc warlord
 11397 | D        | Reached skill level 10 in Conjurations
 11738 | D        | Killed an apis
 11739 | D        | Reached skill level 17 in Dodging
 11760 | D        | Got the +1 cloak of the Bespelled God {Str+3}
 11812 | D        | Noticed an alligator
 11825 | D        | Noticed an alligator
 11830 | D        | Reached XP level 13. HP: 55/55 MP: 32/34
 12231 | D        | Got the +6 dagger of the Two Names {freeze, +Blink Will+
                  | Int-5 Dex+4}
 12234 | D        | Got the +1 dagger of Animal Spirits {freeze, Contam Int+7}
 12392 | D        | Noticed a blizzard demon
 12392 | D        | Noticed a deep elf master archer
 12392 | D        | Noticed a bone dragon
 12393 | D        | Noticed a ghoul
 13148 | D        | Killed a bone dragon
 13149 | D        | Reached skill level 18 in Dodging
 13411 | D        | Killed a blizzard demon
 13446 | D        | Killed a deep elf master archer
 13447 | D        | Reached skill level 1 in Fighting
 13502 | D        | Noticed Aizul
 13510 | D        | Killed Aizul
 13569 | D        | Noticed a balrug
 13611 | D        | Killed a balrug
 13819 | D        | Noticed a bone dragon
 13861 | D        | Killed a bone dragon
 13862 | D        | Reached skill level 19 in Dodging
 14090 | D        | Noticed a nagaraja
 14103 | D        | Killed from afar by a nagaraja

Illustrated notes

Levels and vault maps discovered:
D:        pitsprint [storerooms_1, entrance_room_1, metal_vault_1, armoury_3,
          mini_pit_1, grid_room_1, main_hall_1, silver_pit, the_coven_1,
          the_vestibule_1, steel_vault_2, golden_pit, hallway_of_sentries,
          crystal_vault_1, iron_vault_1, final_vault]

Skill      XL: |  1  2  3  4  5  6  7  8  9 10 11 12 13 |
---------------+----------------------------------------+-----
Short Blades   | 3 4 5 6 8 9 10 12 14 | 14.0
Dodging        | 4 5 6 7 8 10 11 12 15 17 19 | 19.1
Stealth        | 5 6 7 8 10 11 13 15 | 15.0
Spellcasting   | 4 6 8 9 10 11 13 16 17 | 17.6
Conjurations   | 2 3 4 5 6 7 8 10 11 | 11.6
Earth Magic    | 5 6 7 8 10 11 13 14 15 16 | 16.8
Invocations    | 2 3 4 5 6 7 8 9 11 13 14 | 14.8
Fighting       | 3 |  3.9
Transmutations | |  1.3

Action                   |  1- 3 |  4- 6 |  7- 9 | 10-12 | 13-15 || total
-------------------------+-------+-------+-------+-------+-------++-------
Melee: Dagger            |       |     8 |     2 |    45 |       ||    55
       Short sword       |       |       |       |     1 |    17 ||    18
Throw: Stone             |       |     1 |       |     1 |       ||     2
 Cast: Sandblast         |     3 |    48 |    27 |    31 |     9 ||   118
       Stone Arrow       |       |       |    38 |   132 |    79 ||   249
Invok: Shadow Form       |       |       |       |     1 |     1 ||     2
  Use: Potion            |       |     2 |     5 |     2 |     4 ||    13
       Scroll            |       |       |     1 |       |       ||     1
 Stab: Sleeping          |       |       |     2 |    19 |     5 ||    26
       Invisible         |       |       |       |     5 |     3 ||     8
Armor: Robe              |       |     3 |     1 |     1 |     1 ||     6
Dodge: Dodged            |       |    24 |    32 |    25 |    33 ||   114
